 Dungeon Crawl Stone Soup version 0.32-a0-35-gd9ff480968 (webtiles) character file.

Game seed: 13193196259888122334

238 theswoord the Twirler (level 5, -5/38 HPs)
             Began as a Demonspawn Gladiator on Jan 20, 2024.
             Slain by Duvessa
             ... wielding a +0 short sword
              (10 damage)
             ... on level 3 of the Dungeon on Jan 23, 2024.
             The game lasted 00:04:27 (2219 turns).

theswoord the Twirler (Demonspawn Gladiator)        Turns: 2219, Time: 00:04:27

Health: -5/38      AC:  9    Str: 17    XL:     5   Next: 78%
Magic:  5/5        EV:  8    Int: 14    God:
Gold:   101        SH:  0    Dex: 14    Spells: 4/4 levels left

rFire   . . .        a - +0 quarterstaff
rCold   . . .        (shield currently unavailable)
rNeg    . . .        k - +0 chain mail
rPois   .            c - +0 helmet
rElec   .            (no cloak)
rCorr   .            (no gloves)
SInv    .            (no boots)
Will    .....        (no amulet) Stlth
                     f - +6 ring of intelligence
HPRegen 0.26/turn    (no ring)
MPRegen 0.09/turn

%: no passive effects
@: no status effects
A: demonic guardian 1, weakness stinger 1
a: no special abilities


You were on level 3 of the Dungeon.
You visited 1 branch of the dungeon, and saw 4 of its levels.

You collected 101 gold pieces.

Inventory:

Hand Weapons
 a - a +0 quarterstaff (weapon)
Missiles
 e - a javelin
Armour
 b - a +0 leather armour
 c - a +0 helmet (worn)
 k - a +0 chain mail (worn)
Jewellery
 f - a +6 ring of intelligence (left hand)
 i - a ring of see invisible
Scrolls
 g - 3 scrolls of immolation {unknown}
 h - 4 scrolls of identify {unknown}
 j - a scroll of silence {unknown}


   Skills:
 - Level 2.0 Fighting
 + Level 6.0 Staves
 - Level 1.7 Throwing
 - Level 2.6 Dodging


You had 4 spell levels left.
You didn't know any spells.
Your spell library was empty.

Dungeon Overview and Level Annotations

Branches:
Dungeon (4/15)
 Temple: D:4-7

Altars:
Nemelex Xobeh

Shops:
D:1 [=[?

Annotations:
D:3 Duvessa


Innate Abilities, Weirdness & Mutations

A weak demonic guardian rushes to your aid.
You have a small tail.


Message History

Press: ? - help, Q - select action, (/) - cycle Shift-Dir - straight line, f - Duvessa
Aim: Duvessa, wielding a +0 short sword and wearing a +0 leather armour (lightly wounded, berserk, 60% to hit)
You throw a throwing net. The throwing net hits Duvessa.
Duvessa is caught in the net!
Duvessa struggles against the net. x2
You catch the helpless Duvessa completely off-guard!
You hit Duvessa.
Duvessa struggles against the net.
The net rips apart, and Duvessa comes free!
You hit Duvessa.
You tail-slap Duvessa, but do no damage.
Duvessa hits you but does no damage. Duvessa hits you with a +0 short sword.
You closely miss Duvessa. Duvessa hits you with a +0 short sword!
* * * LOW HITPOINT WARNING * * *
Throw: 2 throwing nets
Press: ? - help, Q - select action, (/) - cycle Shift-Dir - straight line, f/p - Duvessa
Aim: Duvessa, wielding a +0 short sword and wearing a +0 leather armour (moderately wounded, berserk, 60% to hit)
You throw a throwing net. The throwing net hits Duvessa.
Duvessa is caught in the net!
Duvessa struggles against the net.
You hit Duvessa but do no damage.
Duvessa struggles against the net. x2
The net rips apart, and Duvessa comes free!
Throw: throwing net
Press: ? - help, Q - select action, (/) - cycle Shift-Dir - straight line, f/p - Duvessa
Aim: Duvessa, wielding a +0 short sword and wearing a +0 leather armour (moderately wounded, berserk, 60% to hit)
You throw a throwing net. The throwing net hits Duvessa.
Duvessa is caught in the net!
Duvessa struggles against the net.
You hit Duvessa. You tail-slap Duvessa.
Duvessa struggles against the net. x2
You strike the helpless Duvessa from behind!
You sock Duvessa!
You tail-slap Duvessa, but do no damage.
Duvessa struggles against the net.
The net rips apart, and Duvessa comes free!
You closely miss Duvessa. Duvessa hits you with a +0 short sword.
* * * LOW HITPOINT WARNING * * *
Duvessa hits you with a +0 short sword.
* * * LOW HITPOINT WARNING * * *
A demonic guardian appears!
You closely miss Duvessa. Duvessa hits you with a +0 short sword!
You die...

..........#.##......###########..
............##...................
............#...)..###########...
..........#........# #....
..........#........# #####....
..........#........######...'....
#########..(...........[..###....
#.#....5........### #....
#.#....e@.#####.# ##'##
#.#.##.#### #.# #.# ### #.#.##.#
###.######.## ..# #(#.##.#
#..........#. #.# #.#.##.#
#.#.########. #.# #.#.##.# #...#
#. #.# #.#.##.# ##### #. #.#
#.#.##.# #. #.# #.#.##.# #.


You could see Duvessa (berserk, ally target) and a friendly white imp
(summoned).

Vanquished Creatures
  Dowan (D:4)
  A bombardier beetle (D:3)
  An orc wizard (D:3)
  4 adders
  A dart slug (D:3)
  A ribbon worm (D:2)
  7 orcs (D:3)
  5 ball pythons
  3 endoplasms
  2 giant cockroaches
  2 hobgoblins
  6 jackals
  3 quokkas
  3 bats (D:1)
  4 frilled lizards
  3 goblins
  7 kobolds
  2 rats (D:1)
56 creatures vanquished.

Vanquished Creatures (collateral kills)
  An orc priest (D:3)
1 creature vanquished.

Grand Total: 57 creatures vanquished

Notes
Turn   | Place    | Note
-------+----------+-------------------------------------------
     0 | D:1      | theswoord the Demonspawn Gladiator began the quest for the
                  | Orb.
     0 | D:1      | Reached XP level 1. HP: 16/16 MP: 1/1
    30 | D:1      | Found Biezofim's Antique Armour Emporium.
    85 | D:1      | Found Vevairch's Armour Shop.
    97 | D:1      | Found Lomyf's Jewellery Shoppe.
   115 | D:1      | Reached skill level 3 in Staves
   178 | D:1      | Found Jughyor's Magic Scroll Emporium.
   182 | D:1      | Gained mutation: A weak demonic guardian rushes to your
                  | aid. [demonic ancestry]
   182 | D:1      | Reached XP level 2. HP: 21/22 MP: 2/2
   724 | D:2      | Gained mutation: You have a small tail. [demonic ancestry]
   724 | D:2      | Reached XP level 3. HP: 24/27 MP: 3/3
   767 | D:2      | Reached skill level 4 in Staves
  1111 | D:3      | Reached XP level 4. HP: 8/33 MP: 4/4
  1296 | D:3      | Reached skill level 5 in Staves
  1311 | D:3      | Reached XP level 5. HP: 29/38 MP: 5/5
  1561 | D:3      | Upgraded the game from 0.32-a0-32-g978bd804de to
                  | 0.32-a0-35-gd9ff480968
  1954 | D:3      | Found a sparkling altar of Nemelex Xobeh.
  2071 | D:4      | Noticed Dowan
  2095 | D:4      | Noticed Duvessa
  2096 | D:4      | Killed Dowan
  2097 | D:4      | Reached skill level 6 in Staves
  2219 | D:3      | Slain by Duvessa

Skill      XL: |  1  2  3  4  5 |
---------------+----------------+-----
Staves         | 3 4 5 6 |  6.0
Fighting       | |  2.0
Throwing       | |  1.7
Dodging        | |  2.6

Action                     |  1- 3 |  4- 6 || total
---------------------------+-------+-------++-------
  Melee: Quarterstaff      |    81 |    77 ||   158
         Tailslap          |     1 |    10 ||    11
  Throw: Throwing net      |       |     3 ||     3
    Use: Potion            |       |     2 ||     2
   Stab: Sleeping          |     1 |       ||     1
         Held in net/web   |       |     2 ||     2
 Armour: Leather armour    |    32 |       ||    32
         Chain mail        |     6 |    65 ||    71
  Dodge: Dodged            |    66 |    20 ||    86

Levels and vault maps discovered:
D:1:      minmay_arrival_checkered_box, layout_basic, serial_shops, shop, shop,
          shop, shop
D:2:      layout_rooms
D:3:      layout_basic, mainiacjoe_overflow_alcove_2, st_stairs_13
D:4:      layout_rooms, fedhas_altar_fruit_tree,
          mainiacjoe_overflow_surrounded_room, minmay_temple_entry_poolview,
          minmay_manual_monolith, uniq_duvessa, uniq_blork_the_orc
